 Dungeon Crawl Stone Soup version 0.31-a0-263-ge8cad7f256 (webtiles) character file.

Game seed: 9060373145807969828

71 horus123 the Insei (level 4, -3/34 HPs)
             Began as a Human Shapeshifter on July 14, 2023.
             Slain by a gnoll
             ... wielding a +0 whip
              (5 damage)
             ... on level 2 of the Dungeon.
             The game lasted 00:01:59 (1252 turns).

horus123 the Insei (Human Shapeshifter)             Turns: 1252, Time: 00:02:00

Health: -3/34      AC:  2    Str: 15    XL:     4   Next: 47%
Magic:  4/4        EV: 12    Int:  9    God:
Gold:   38         SH:  0    Dex: 15    Spells: 3/3 levels left

rFire   . .          .
                       - Unarmed
rCold   . . .        (no shield)
rNeg    . . .        a - +0 animal skin
rPois   .            (helmet currently unavailable)
rElec   .            (cloak currently unavailable)
rCorr   .            (gloves currently unavailable)
SInv    .            (boots currently unavailable)
Will    .....        (no amulet)
Stlth   +            f - ring of flight
HPRegen 0.25/turn    (no ring)
MPRegen 0.09/turn

%: no passive effects
@: beast-form, flying
A: beast (slay +2)
a: Begin Untransformation


You were on level 2 of the Dungeon.
You were a hulking beast.
You visited 1 branch of the dungeon, and saw 2 of its levels.

You collected 38 gold pieces.

Inventory:

Armour
 a - a +0 animal skin (worn)
Jewellery
 e - a ring of ice
 f - a ring of flight (left hand)
Talismans
 c - a beast talisman
Scrolls
 g - 2 scrolls of fear {unknown}
 h - a scroll of enchant weapon {unknown}
Potions
 b - 2 potions of lignification
 d - a potion of berserk rage {unknown}
 i - a potion of might {unknown}
 j - 2 potions of brilliance {unknown}
 k - a potion of attraction {unknown}


   Skills:
 + Level 2.6 Fighting
 - Level 2.0 Dodging
 - Level 4.0 Unarmed Combat
 - Level 3.0 Shapeshifting


You had 3 spell levels left.
You didn't know any spells.
Your spell library contained the following spells:

 Spells                   Type           Power      Damage    Failure   Level
 Apportation              Tloc           0%         N/A       38%         1
 Necrotise                Necr           0%         1d4       38%         1
 Summon Small Mammal      Summ           0%         N/A       38%         1


Dungeon Overview and Level Annotations

Branches:
Dungeon (2/15)

Altars:


Message History

The bat misses you. The rat bites you. The rat attacks as you move away!
The rat bites you but does no damage. The bat hits you but does no damage. x2
You barely miss the bat.
The bat is heavily wounded.
The bat closely misses you.
You hit the bat.
The bat is severely wounded.
The bat hits you but does no damage.
You completely miss the bat.
The bat is severely wounded.
The bat closely misses you. The bat misses you.
You hit the bat but do no damage.
The bat is severely wounded.
The bat hits you but does no damage.
You hit the bat.
You kill the bat!
You punch the kobold!
You kill the kobold!
The gnoll barely misses you. The gnoll closely misses you.
You see here a +0 short sword.
You barely miss the gnoll. The gnoll hits you with a +0 halberd!
You hit the gnoll.
The gnoll is moderately wounded.
The gnoll hits you with a +0 halberd!
You hit the gnoll.
The gnoll is severely wounded.
The gnoll hits you with a +0 halberd!
* * * LOW HITPOINT WARNING * * *
You hit the gnoll.
You kill the gnoll!
You hit the gnoll.
The gnoll is moderately wounded.
The gnoll hits you with a +0 whip.
* * * LOW HITPOINT WARNING * * *
You hit the gnoll.
The gnoll is heavily wounded.
The gnoll hits you with a +0 whip.
You die...

##.#.#§§#..#(##.#....######..
######.'≈§≈§_≈§≈≈'..#............
......##.#..#..#.####............
......##.#..#..#.####.##.........
......##....#....#..#.##.........
.....†##.........##...##.........
......############...[.#.........
......####......##K#.#..Kg......#
.........#......hgr..#####†?....#
#####..<.#..########.# ##)....#
#....#...........# .....#
####....#.########.r# .....#
#.......#.# #..# .....#
#.##....#.# ...# ......
##.##....#.# ##.# ......
...###.###.# .# ...... #### #.#
#.#


You could see a gnoll, a kobold and a rat.

Vanquished Creatures
  2 gnolls (D:2)
  An adder (D:2)
  A dart slug (D:2)
  5 endoplasms (D:1)
  2 giant cockroaches (D:1)
  5 goblins
  5 kobolds
  2 quokkas
  10 bats
  6 frilled lizards
  A rat (D:1)
40 creatures vanquished.

Notes
Turn   | Place    | Note
-------+----------+-------------------------------------------
     0 | D:1      | horus123 the Human Shapeshifter began the quest for the
                  | Orb.
     0 | D:1      | Reached XP level 1. HP: 16/16 MP: 1/1
   132 | D:1      | Reached XP level 2. HP: 16/22 MP: 2/2
   295 | D:1      | Reached skill level 3 in Unarmed Combat
   432 | D:1      | Reached XP level 3. HP: 20/27 MP: 3/3
  1109 | D:2      | Found a faded altar of an unknown god.
  1199 | D:2      | Reached skill level 4 in Unarmed Combat
  1199 | D:2      | Reached XP level 4. HP: 31/33 MP: 4/4
  1252 | D:2      | Slain by a gnoll

Illustrated notes

Levels and vault maps discovered:
D:1:      ldierk_walled_garden_2, layout_loops_ring, kennysheep_minor_cross,
          solitary_fountain
D:2:      layout_basic, serial_rivers, chequers_serial_rivers_large_a,
          chequers_serial_rivers_small_b, chequers_serial_rivers_micro_a,
          chequers_serial_rivers_room_b, shapermc_ecumenical_altar_notcrosses,
          kennysheep_generic_room_11

Skill      XL: |  1  2  3 |
---------------+----------+-----
Unarmed Combat | 3 4 |  4.0
Fighting       | |  2.6
Dodging        | |  2.0
Shapeshifting  | |  3.0

Action                     |  1- 3 |  4- 6 || total
---------------------------+-------+-------++-------
  Melee: Unarmed           |    85 |    20 ||   105
         Punch             |     3 |       ||     3
   Stab: Sleeping          |     2 |       ||     2
 Armour: Animal skin       |    26 |    12 ||    38
  Dodge: Dodged            |    66 |    27 ||    93

Table legend: (Time is in decaauts)
 A = Elapsed time spent in this place.
 B = Non-inter-level travel time spent in this place.
 C = Inter-level travel time spent in this place.
 D = Time resting spent in this place.
 E = Time spent auto-exploring this place.
 F = Levels seen in this place.
 G = Mean time per level.
                   A        B        C        D        E       F      G
               +--------+--------+--------+--------+--------+-----+--------+
         Total |   1244 |   1153 |     91 |     73 |    825 |   2 |  622.0 |
       Dungeon |   1244 |   1153 |     91 |     73 |    825 |   2 |  622.0 |
               +--------+--------+--------+--------+--------+-----+--------+

Top non-repeatable levels by time:
     D:1: 958 daAuts
     D:2: 286 daAuts
